 Dungeon Crawl Stone Soup version 0.28.0-53-g5a82cb258f (webtiles) character file.

Game seed: 9135706138905652921

186 Atelerd the Digger (level 5, -1/46 HPs)
             Began as an Octopode Earth Elementalist on June 11, 2022.
             Succumbed to a scorpion's poison
             ... on level 4 of the Dungeon.
             The game lasted 00:02:50 (3450 turns).

Atelerd the Digger (Octopode Earth Elementalist)    Turns: 3450, Time: 00:02:50

Health: -1/46      AC:  1    Str:  7    XL:     5   Next: 65%
Magic:  7/10       EV: 13    Int: 19    God:
Gold:   160        SH:  0    Dex: 13    Spells: 8/11 levels left

rFire   . . .      SeeInvis .   d - +0 dagger
rCold   . . .      Faith    .   (no shield)
rNeg    . . .      Spirit   .   (helmet restricted)
rPois   .          Reflect  .   (no amulet)
rElec   .          Harm     .   (no ring)
rCorr   .          Rampage  .   (no ring)
Will    .....                   (no ring)
Stlth   ..........              (no ring)
HPRegen 0.15/turn               (no ring)
MPRegen 0.12/turn               (no ring)
                                (no ring)
                                (no ring)

@: mighty, brilliant, berserking, lethally poisoned (-1 -> -13), very quick
A: almost no armour, amphibious, 8 rings, camouflage 1, gelatinous body 1,
(nimble swimmer 1), tentacles
a: no special abilities


You were on level 4 of the Dungeon.
You visited 1 branch of the dungeon, and saw 4 of its levels.

You collected 160 gold pieces.

Inventory:

Hand Weapons
 d - a +0 dagger (weapon)
Missiles
 b - 65 stones
Scrolls
 f - a scroll of fear {unknown}
 g - a scroll of teleportation
 i - a scroll of blinking {unknown}
 j - a scroll of holy word {unknown}
 n - a scroll of identify {unknown}
 o - a scroll of enchant weapon {unknown}
 p - a scroll of magic mapping {unknown}
Potions
 a - a potion of brilliance
 e - a potion of haste {unknown}
 h - a potion of mutation {unknown}
 k - a potion of might
 l - a potion of attraction {unknown}
 m - a potion of ambrosia {unknown}


   Skills:
 - Level 2.0 Dodging
 - Level 2.6 Stealth
 + Level 3.6 Spellcasting
 * Level 2.5 Transmutations
 + Level 4.3 Earth Magic


You had 8 spell levels left.
You knew the following spells:

 Your Spells              Type           Power      Damage    Failure   Level
a - Sandblast             Erth           60%        2d14      2%          1
b - Passwall              Tmut/Erth      20%        N/A       5%          2

Your spell library contained the following spells:

 Spells                   Type           Power      Damage    Failure   Level
 Stone Arrow              Conj/Erth      34%        3d9       17%         3
 Petrify                  Tmut/Erth      25%        N/A       34%         4
 Dazzling Flash           Conj/Hex       10%        N/A       41%         3
 Iskenderun's Mystic Bla  Conj/Tloc      5%         2d3       82%         4
 Starburst                Conj/Fire      2%         6d3       100%        6


Dungeon Overview and Level Annotations

Branches:
Dungeon (4/15)
 Temple: D:4-7

Altars:


Innate Abilities, Weirdness & Mutations

You cannot wear most types of armour.
You are amphibious.
You can wear up to eight rings at the same time.
Your skin changes colour to match your surroundings (Stealth+).
Your rubbery body absorbs attacks. (AC +1, EV +1)
((You are camouflaged when in or above water. (Stealth+)))
You have tentacles for arms and can constrict up to eight enemies at once.


Message History

You aren't carrying any items that you can evoke.
Unknown command.
You aren't carrying any items that you can evoke.
Casting: Sandblast (safe; 2% risk of failure)
Confirm with . or Enter, or press ? or * to list all spells.
Aiming: Sandblast (safe; 2% risk of failure)
Press: ? - help, Shift-Dir - straight line, f - scorpion
Aim: a scorpion (81% to hit)
The blast of sand hits the scorpion but does no damage.
The scorpion barely misses you. The scorpion stings you.
You are poisoned.
The scorpion poisons you!
Unknown command.
Casting: Sandblast (safe; 2% risk of failure)
Confirm with . or Enter, or press ? or * to list all spells.
Aiming: Sandblast (safe; 2% risk of failure)
Press: ? - help, Shift-Dir - straight line, f/p - scorpion
Aim: a scorpion (81% to hit)
The blast of sand hits the scorpion but does no damage.
* * * LOW HITPOINT WARNING * * *
You feel very sick. The scorpion completely misses you.
Unknown command.
It was a potion of might.
You feel very mighty all of a sudden.
* * * LOW HITPOINT WARNING * * *
You feel sick. The scorpion stings you.
* * * LOW HITPOINT WARNING * * *
You are more poisoned.
The scorpion poisons you!
Unknown command.
It was a potion of brilliance.
You feel clever all of a sudden.
* * * LOW HITPOINT WARNING * * *
You feel very sick. The scorpion completely misses you.
It was a potion of berserk rage.
A red film seems to cover your vision as you go berserk!
You feel yourself moving faster!
You feel mighty!
You die...

#######
#.@s..#
#.#)#.#
#.#.#
#.#.#####
#.#.....#
#.#####.#
#.....#.#
#.....#.#
#.....#.#


You could see a scorpion.

Vanquished Creatures
  A howler monkey zombie (D:3)
  8 adders
  A gnoll (D:3)
  2 worms
  4 dart slugs
  4 orcs
  4 ball pythons
  6 endoplasms
  3 giant cockroaches
  11 goblins
  9 hobgoblins
  2 quokkas (D:3)
  5 bats
  8 kobolds
  9 rats
77 creatures vanquished.

Notes
Turn   | Place    | Note
-------+----------+-------------------------------------------
     0 | D:1      | Atelerd the Octopode Earth Elementalist began the quest for
                  | the Orb.
     0 | D:1      | Reached XP level 1. HP: 11/11 MP: 3/3
   385 | D:1      | Reached XP level 2. HP: 17/17 MP: 3/5
   518 | D:1      | Learned a level 2 spell: Passwall
   710 | D:1      | Found a faded altar of an unknown god.
  1239 | D:1      | Reached XP level 3. HP: 21/21 MP: 4/6
  1593 | D:2      | Reached XP level 4. HP: 27/27 MP: 4/8
  1689 | D:2      | Reached skill level 4 in Earth Magic
  2345 | D:3      | Reached XP level 5. HP: 31/31 MP: 7/10
  3449 | D:4      | HP: 1/31 [poisoned by a scorpion]
  3450 | D:4      | Succumbed to a scorpion's poison

Illustrated notes

Levels and vault maps discovered:
D:1:      kennysheep_arrival_forest, layout_basic,
          chequers_ecumenical_altar_simple, due_unseen_surprise
D:2:      layout_rooms, skrybe_limestone_x, guppyfry_early_lair_pool
D:3:      minmay_octagon_keep, layout_basic, minmay_increasing_density
D:4:      layout_basic, nzn_wu_jian_contemplation, serial_co_window_serial,
          co_window_corner_a, co_window_paths_a, co_window_of_opportunity_a,
          co_window_paths_a, co_window_corner_a, co_window_paths_a,
          co_window_paths_c, co_window_2corner, co_window_broadway_b,
          glass_columns_a, glass_columns_b, glass_columns_b, glass_columns_b,
          glass_columns_a, gup_sewer_entry_pipe, nicolae_ossuary_entry_giza

Skill      XL: |  1  2  3  4  5 |
---------------+----------------+-----
Spellcasting   | 3 |  3.6
Earth Magic    | 4 |  4.3
Transmutations | 2 |  2.5
Dodging        | |  2.0
Stealth        | |  2.6

Action                   |  1- 3 |  4- 6 || total
-------------------------+-------+-------++-------
Melee: Dagger            |    13 |    16 ||    29
       Constrict         |     3 |     4 ||     7
       Tentacles         |     1 |     6 ||     7
       Unarmed           |     1 |       ||     1
       Punch             |     1 |     1 ||     2
 Cast: Sandblast         |    37 |    62 ||    99
       Passwall          |     2 |       ||     2
  Use: Potion            |       |     3 ||     3
       Scroll            |       |     1 ||     1
 Stab: Sleeping          |     4 |       ||     4
Armor: Skin              |       |     3 ||     3
Dodge: Dodged            |    14 |    26 ||    40
